 Dungeon Crawl Stone Soup version 0.28.0-47-ge53b351184 (webtiles) character file.

Game seed: 4727094553461868154

35 hawla the Ducker (level 3, -8/17 HPs)
             Began as a Felid Monk on May 7, 2022.
             Killed by nerve-wracking pain
             ... invoked by Jessica
              (12 damage)
             ... on level 2 of the Dungeon.
             The game lasted 00:01:51 (1550 turns).

hawla the Ducker (Felid Monk)                       Turns: 1550, Time: 00:01:52

Health: -8/17      AC:  1    Str:  7    XL:     3   Next: 17%
Magic:  4/4        EV: 19    Int: 13    God:
Gold:   54         SH:  0    Dex: 18    Spells: 2/2 levels left
                                        Lives:  0   Deaths: 0

rFire   . . .      SeeInvis +     - Unarmed
rCold   . . .      Faith    .   (shield unavailable)
rNeg    . . .      Spirit   .   (armour unavailable)
rPois   .          Reflect  .   (helmet unavailable)
rElec   .          Harm     .   (cloak unavailable)
rCorr   .          Rampage  .   (gloves unavailable)
Will    .....                   (boots unavailable)
Stlth   ++........              (no amulet)
HPRegen 0.05/turn               (no ring)
MPRegen 0.09/turn               (no ring)

@: quick
A: very small, claws 1, fangs 3, see invisible, speed 1, shaggy fur 1, stealthy
paws, no weapons or thrown items, no armour, multi-lived
a: no special abilities


You were on level 2 of the Dungeon.
You visited 1 branch of the dungeon, and saw 2 of its levels.

You collected 54 gold pieces.

Inventory:

Potions
 a - a potion of haste
 b - a potion of curing {unknown}


   Skills:
 + Level 3.3 Fighting
 + Level 4.5 Dodging
 + Level 3.0 Stealth
 + Level 3.5 Unarmed Combat


You had 2 spell levels left.
You didn't know any spells.
Your spell library was empty.

Dungeon Overview and Level Annotations

Branches:
Dungeon (2/15)

Altars:

Annotations:
D:2 Jessica


Innate Abilities, Weirdness & Mutations

You have sharp claws.
You have razor-sharp teeth.
You have supernaturally acute eyesight. (SInv)
You cover ground quickly. (Speed+)
You are covered in fur. (AC +1)
Your paws help you pounce on unaware monsters.
You are incapable of wielding weapons or throwing items.
You cannot wear armour.
You gain extra lives every three experience levels.


Message History

You barely miss the kobold.
The kobold hits you with a +0 short sword.
You barely miss the kobold. The kobold barely misses you.
You barely miss the kobold.
The kobold hits you with a +0 short sword.
You closely miss the kobold. The kobold completely misses you.
You barely miss the kobold. The kobold completely misses you.
You barely miss the kobold. The kobold misses you.
You scratch the kobold but do no damage.
The kobold closely misses you.
You see here 20 arrows.
You open the door. The jackal completely misses you.
The jackal closely misses you.
There is an open door here.
A hobgoblin comes into view.
The hobgoblin shouts!
You hear an angry hiss.
The jackal bites you.
An adder comes into view.
You scratch the hobgoblin.
The hobgoblin is severely wounded.
The jackal completely misses you. The hobgoblin completely misses you.
You barely miss the hobgoblin. You claw the hobgoblin.
You kill the hobgoblin!
The adder hisses angrily.
The jackal closely misses you.
You scratch the jackal.
You kill the jackal!
An adder comes into view.
A bat comes into view.
Jessica the Apprentice Sorceress comes into view.
She is wielding a +0 dagger.
Jessica shouts!
Found 8 gold pieces.
Found a stone staircase leading down.
As you read the scroll labelled PENOMEEMUTU, it crumbles to dust.
It is a scroll of identify.
a - a potion of haste The adder bites you.
* * * LOW HITPOINT WARNING * * *
Jessica casts a spell at you. Pain shoots through your body!
Ouch! That really hurt!
You die...

##'###.....
................
.>#####
................
.......
................
.$.....
............S...
....... ..............
....... ###..#......
.......
##.####.#######...@...
# #..J†.J.K.S.S@..# #
#.####†########## #
#.# #..b #.. #.### #..
... #.. ... #........
+. .....


You could see 2 adders, Jessica, an endoplasm and a kobold.

Vanquished Creatures
  A ball python (D:1)
  2 bats
  4 endoplasms (D:1)
  A giant cockroach (D:1)
  6 goblins (D:1)
  2 hobgoblins
  3 jackals (D:2)
  2 quokkas (D:1)
  2 frilled lizards (D:1)
  4 kobolds
  2 rats (D:1)
29 creatures vanquished.

Notes
Turn   | Place    | Note
-------+----------+-------------------------------------------
     0 | D:1      | hawla the Felid Monk began the quest for the Orb.
     0 | D:1      | Reached XP level 1. HP: 10/10 MP: 2/2
   276 | D:1      | Reached XP level 2. HP: 11/14 MP: 3/3
   657 | D:1      | Found a faded altar of an unknown god.
  1470 | D:2      | Reached XP level 3. HP: 17/17 MP: 4/4
  1548 | D:2      | Noticed Jessica
  1550 | D:2      | Killed from afar by Jessica

Illustrated notes

Levels and vault maps discovered:
D:1:      ebering_trefoil_twist, layout_basic, basic_ecumenical_altar
D:2:      layout_basic, kennysheep_generic_room_13, uniq_jessica

Skill      XL: |  1  2 |
---------------+-------+-----
Stealth        | 3 |  3.0
Fighting       | |  3.3
Dodging        | |  4.5
Unarmed Combat | |  3.5

Action                   || total
-------------------------++-------
Melee: Unarmed           ||    67
       Bite              ||     3
       Punch             ||     2
  Use: Scroll            ||     1
 Stab: Sleeping          ||     6
Armor: Skin              ||     4
Dodge: Dodged            ||    41
